 Dungeon Crawl Stone Soup version 0.27.1-1-g398f81649c (webtiles) character file.

Game seed: 14725216342686852543

76790 pkoi the Brawler (level 15, -4/143 HPs)
             Began as a Troll Monk on Sept 15, 2021.
             Was a High Priest of Qazlal.
             Slain by a seven-headed hydra (6 damage)
             ... on level 1 of the Swamp.
             The game lasted 00:29:55 (19007 turns).

pkoi the Brawler (Troll Monk)                      Turns: 19007, Time: 00:29:57

Health: -4/143     AC: 11    Str: 31    XL:     15   Next: 13%
Magic:  0/24       EV: 12    Int: 10    God:    Qazlal [*****.]
Gold:   3176       SH:  6    Dex: 12    Spells: 18/19 levels left

rFire    . . .     SeeInvis .     - Unarmed
rCold    . . .     Faith    .   (no shield)
rNeg     . . .     Spirit   +   A - +0 swamp dragon scales
rPois    +         Reflect  .   (helmet restricted)
rElec    .         Harm     .   c - +0 cloak
rCorr    .         Rampage  .   (gloves unavailable)
Will     +++++                  (boots unavailable)
Stlth    ..........             a - amulet "Feihal" {Spirit Will++ Str+4 Stlth-}
HPRegen  1.33/turn              g - ring of flight
MPRegen  0.19/turn              K - ring of the Mage {Wiz Will++ Int+3}

@: about to teleport, marked, protected from physical damage, corroded, flying,
studying 2 skills, repel missiles
A: large, unfitting armour, claws 3, regeneration 1, shaggy fur 1, tough skin 1
a: Renounce Religion, Upheaval, Elemental Force, Disaster Area


You were on level 1 of the Swamp.
You worshipped Qazlal.
Qazlal was extremely pleased with you.
You visited 5 branches of the dungeon, and saw 22 of its levels.
You also visited: Sewer.

You collected 3841 gold pieces.
You spent 665 gold pieces at shops.

Inventory:

Missiles
 k - 97 poisoned darts
 v - 4 throwing nets
 G - 4 curare-tipped darts
 N - 4 large rocks (quivered)
Armour
 c - a +0 cloak (worn)
 A - +0 swamp dragon scales (worn)
 F - the +3 storm dragon scales of Polish {rElec Dex+4}
   (You acquired it on level 3 of the Lair of Beasts)

   Dex:       It affects your dexterity (+4).
   rElec:     It insulates you from electricity.
Jewellery
 a - the amulet "Feihal" (around neck) {Spirit Will++ Str+4 Stlth-}
   (You acquired it on level 6 of the Lair of Beasts)

   [amulet of guardian spirit]

   It causes incoming damage to be divided between your reserves of health and
   magic.
   Str:       It affects your strength (+4).
   Will:      It greatly increases your willpower.
   Stlth:     It makes you less stealthy.
 e - a ring of willpower
 g - a ring of flight (left claw)
 q - a +4 ring of evasion
 x - a ring of protection from fire
 H - a ring of protection from cold
 K - the ring of the Mage (right claw) {Wiz Will++ Int+3}
   (You found it on level 6 of the Lair of Beasts)

   [ring of wizardry]

   It improves your spell success rate.
   Int:       It affects your intelligence (+3).
   Will:      It greatly increases your willpower.
Wands
 b - a wand of iceblast (57)
 d - a wand of flame (40)
 m - a wand of mindburst (24)
 w - a wand of paralysis (16)
 D - a wand of acid (16)
 J - a wand of digging (6)
Scrolls
 l - 5 scrolls of fear
 n - 3 scrolls of blinking
 o - 4 scrolls of magic mapping
 p - 2 scrolls of teleportation
 C - 3 scrolls of identify
 E - 3 scrolls of amnesia
 L - a scroll of enchant armour
Potions
 f - 5 potions of haste
 h - 2 potions of might
 i - 3 potions of brilliance
 j - 14 potions of curing
 r - 3 potions of resistance
 u - 4 potions of flight
 z - 6 potions of heal wounds
 B - 4 potions of cancellation
 M - a potion of invisibility


   Skills:
 + Level 8.1 Fighting
 + Level 6.6 Armour
 + Level 8.0 Dodging
 - Level 1.0 Stealth
 * Level 16.2 Unarmed Combat
 - Level 2.5 Spellcasting
 - Level 1.6 Translocations
 * Level 13.3 Invocations
 + Level 2.2 Evocations


You had 18 spell levels left.
You knew the following spells:

 Your Spells              Type           Power      Damage    Failure   Level
a - Apportation           Tloc           8%         N/A       9%          1

Your spell library contained the following spells:

 Spells                   Type           Power      Damage    Failure   Level
 Animate Skeleton         Necr           2%         N/A       16%         1
 Corona                   Hex            1%         N/A       16%         1
 Summon Small Mammal      Summ           4%         N/A       16%         1
 Corpse Rot               Necr/Air       N/A        N/A       24%         2
 Passwall                 Tmut/Erth      0%         N/A       24%         2
 Slow                     Hex            1%         N/A       24%         2
 Confusing Touch          Hex            1%         N/A       43%         3
 Swiftness                Air            1%         N/A       43%         3
 Animate Dead             Necr           0%         N/A       82%         4
 Dispel Undead            Necr           1%         3d6       82%         4
 Leda's Liquefaction      Hex/Erth       0%         N/A       82%         4
 Bolt of Magma            Conj/Fire/Erth 0%         4d4       98%         5
 Borgnjor's Vile Clutch   Necr/Erth      0%         N/A       98%         5
 Fireball                 Conj/Fire      0%         3d3       98%         5
 Yara's Violent Unravell  Hex/Tmut       0%         3d3       98%         5
 Death Channel            Necr           0%         N/A       100%        6
 Invisibility             Hex            0%         N/A       100%        6
 Starburst                Conj/Fire      0%         6d3       100%        6
 Statue Form              Tmut/Erth      0%         N/A       100%        6
 Haunt                    Necr/Summ      0%         N/A       100%        7
 Ignition                 Fire           0%         3d3       100%        8
 Infestation              Necr           0%         N/A       100%        8


Dungeon Overview and Level Annotations

Branches:
Dungeon (12/15)            Temple (1/1) D:5            Lair (6/6) D:10
  Swamp (1/4) Lair:3       Spider (0/4) Lair:4        Slime (0/5) Lair:6
    Orc (2/2) D:10            Elf (0/3) Orc:2         Sewer (visited)

Altars:
Ashenzari
Cheibriados
Dithmenos
Elyvilon
Fedhas
Gozag
Hepliaklqana
Kikubaaqudgha
Makhleb
Nemelex Xobeh
Okawaru
Qazlal
Ru
Sif Muna
Trog
Uskayaw
Vehumet
Wu Jian
Xom
Yredelemnul
Zin
The Shining One
Beogh

Shops:
D:4 ?   D:5 :[?   D:7 *   Orc:2 (!(!

Annotations:
Lair:2 1 runed translucent door, GravelGoth's ghost, journeyman OpBr


Innate Abilities, Weirdness & Mutations

You are too large for most types of armour.
You have claws for hands.
Your natural rate of healing is unusually fast.
You are covered in fur. (AC +1)
You have tough skin. (AC +1)


Message History

* * * LOW HITPOINT WARNING * * *
You eviscerate the eleionoma!!!
The eleionoma is heavily wounded.
The swamp worm fires a harpoon shot at you.
You block the harpoon shot.
You mangle the eleionoma!! You claw the eleionoma.
The eleionoma is severely wounded.
The eleionoma touches a tree and draws upon its vitality.
The eleionoma is healed.
The swamp worm fires a harpoon shot at you.
The harpoon shot is repelled.
You eviscerate the eleionoma!!!
The eleionoma is heavily wounded.
The eleionoma hits you but does no damage.
A spriggan rider comes into view.
It is wielding the +1 mace "Befoq" {vorpal, MP+9 Dex+3 SInv}.
The eleionoma hurls a spray of splinters at you.
The spray of wooden splinters hits you.
* * * LOW HITPOINT WARNING * * *
As you read the scroll of teleportation, it crumbles to dust.
You feel strangely unstable.
You block the seven-headed hydra's attack.
The seven-headed hydra bites you!
* * * LOW HITPOINT WARNING * * *
You feel more protected from physical attacks.
You block the seven-headed hydra's attack.
The seven-headed hydra closely misses you.
The seven-headed hydra misses you. x2; The seven-headed hydra bites you!
* * * LOW HITPOINT WARNING * * *
A bog body comes into view.
The eleionoma hits you!
* * * LOW HITPOINT WARNING * * *
Unknown command.
Unknown command.
The seven-headed hydra is engulfed in freezing vapours.
The seven-headed hydra seems to slow down.
The seven-headed hydra barely misses you.
You block the seven-headed hydra's attack.
The seven-headed hydra bites you but does no damage.
The seven-headed hydra bites you.
You die...

♣♣.§........≈♣♣♣ ≈≈§
♣♣≈..≈≈≈.<.≈..≈♣. ♣≈≈≈♣
♣♣♣.≈..≈≈≈.†≈≈≈≈≈..
♣....♣♣≈.≈≈.≈≈≈≈≈≈≈≈≈≈.≈.
♣♣≈≈≈.≈.≈..>.≈≈≈≈≈≈≈≈≈.≈..
♣.≈≈≈♣≈≈≈≈♣...≈≈≈≈≈≈≈≈≈...
♣.♣.≈♣≈≈≈♣§≈§..≈≈≈≈≈≈≈..≈.
.≈/.≈≈°§>≈§≈≈≈.≈≈≈≈≈≈.≈...
≈n≈≈≈i≈wD@§≈≈§≈........≈.(
..≈.....R♣...♣≈.♣♣♣♣♣♣.≈≈.
≈...♣♣♣†§≈.♣≈≈...♣ ♣♣≈≈.
≈.. ♣♣.≈.♣≈♣...♣ ♣♣§≈ §
♣♣..♣.≈≈§≈♣♣ ♣♣.
♣♣≈≈.≈.♣..♣ ♣♣ ♣.≈≈≈≈♣..♣♣
♣.≈..♣.♣≈≈♣ ♣♣≈≈..♣♣..♣


You could see an eleionoma, a seven-headed hydra (slow), a spriggan rider and a
swamp worm.

Vanquished Creatures
  Harold (D:7)
  15 hydras
  4 catoblepae
  A boulder beetle (D:11)
  Erica (D:11)
  4 two-headed ogres
  6 death yaks (Lair:6)
  Sonja (Lair:5)
  Nergalle (Lair:3)
  A goliath frog (Swamp:1)
  8 orc knights
  A deep elf zephyrmancer (D:8)
  A deep elf pyromancer (D:12)
  An orc sorcerer (Orc:2)
  2 ugly things (D:12)
  2 manticores (Lair:6)
  A cyclops (D:12)
  2 black mambas
  4 elephants (Lair:2)
  Maggie (D:9)
  15 cane toads
  3 gargoyles
  A torpor snail (Lair:6)
  2 unseen horrors
  6 orange demons (D:12)
  A kobold demonologist (D:11)
  12 komodo dragons
  5 yaktaurs (D:11)
  3 red devils (D:12)
  A polar bear (Lair:6)
  A meliai (Orc:2)
  4 trolls
  2 tyrant leeches (Swamp:1)
  22 blink frogs
  3 slime creatures (D:12)
  5 hornets
  2 spriggans
  49 yaks
  A vampire (D:11)
  3 wraiths
  4 wyverns
  2 steam dragons
  3 basilisks
  2 vampire mosquitoes (D:12)
  3 swamp worms (Lair:3)
  6 wargs
  10 water moccasins
  35 orc warriors
  2 ice beasts
  2 black bears
  2 necrophages
  10 ogres
  2 sky beasts
  23 wolves
  6 centaurs
  A phantom (D:6)
  2 kobold brigands
  3 gnoll sergeants
  3 scorpions
  11 bullfrogs
  A wyvern skeleton (D:7)
  7 killer bees (D:9)
  3 wights (D:8)
  4 howler monkeys
  4 centaur zombies
  14 jellies
  A bullfrog zombie (D:5)
  4 hounds
  11 orc priests
  2 bullfrog skeletons
  2 gnoll shamans
  A centaur skeleton (D:7)
  4 iguanas
  11 orc wizards
  A hound skeleton (D:5)
  19 gnolls
  10 adders
  A shadow imp (D:7)
  3 white imps
  An adder zombie (D:5)
  2 adder skeletons
  A worm (D:3)
  7 dart slugs
  66 orcs
  6 ball pythons
  4 endoplasms
  10 giant cockroaches
  8 goblins
  8 hobgoblins
  7 jackals
  9 quokkas
  3 bats
  8 frilled lizards
  26 kobolds
  7 rats
607 creatures vanquished.

Vanquished Creatures (collateral kills)
  A hydra (Lair:3)
  A blink frog (Lair:1)
  6 yaks (Lair:1)
  A water moccasin (Lair:2)
  3 bullfrogs
12 creatures vanquished.

Vanquished Creatures (others)
  A bat (D:2)
  30 fungi
  39 plants
70 creatures vanquished.

Grand Total: 689 creatures vanquished

Notes
Turn   | Place    | Note
-------+----------+-------------------------------------------
     0 | D:1      | pkoi the Troll Monk began the quest for the Orb.
     0 | D:1      | Reached XP level 1. HP: 22/22 MP: 0/0
    93 | D:1      | Reached XP level 2. HP: 29/29 MP: 1/1
   202 | D:1      | Reached skill level 4 in Unarmed Combat
   382 | D:1      | Reached XP level 3. HP: 36/36 MP: 2/2
   857 | D:2      | Reached skill level 5 in Unarmed Combat
   857 | D:2      | Reached XP level 4. HP: 44/44 MP: 3/3
  1595 | D:3      | Reached XP level 5. HP: 50/50 MP: 4/4
  1811 | D:3      | Found a faded altar of an unknown god.
  1826 | D:3      | Became a worshipper of Qazlal Stormbringer
  1826 | D:3      | Reached * piety under Qazlal
  1826 | D:3      | Reached ** piety under Qazlal
  2153 | D:4      | Reached *** piety under Qazlal
  2200 | D:4      | Found Lijavysez's Magic Scroll Boutique.
  2209 | D:4      | Bought a scroll of identify for 22 gold pieces
  2209 | D:4      | Bought a scroll of identify for 22 gold pieces
  2360 | D:4      | Reached skill level 1 in Armour
  2387 | D:4      | Reached XP level 6. HP: 59/59 MP: 5/5
  2457 | D:4      | Reached skill level 6 in Unarmed Combat
  2457 | D:4      | Reached skill level 1 in Invocations
  2853 | D:5      | Entered Level 5 of the Dungeon
  2859 | D:5      | Found Xusad's Book Boutique.
  2924 | D:4      | Reached XP level 7. HP: 56/67 MP: 7/7
  2997 | D:5      | Found a staircase to the Ecumenical Temple.
  3015 | D:5      | Reached skill level 7 in Unarmed Combat
  3055 | D:5      | Reached XP level 8. HP: 48/78 MP: 8/8
  3096 | D:5      | Found Pyatec's Magic Scroll Boutique.
  3110 | D:5      | Bought a scroll of magic mapping for 52 gold pieces
  3114 | D:5      | Found Wenuo's Antique Armour Boutique.
  3144 | D:5      | Found a glowing drain.
  3158 | Sewer    | Entered a sewer
  3175 | Sewer    | Reached **** piety under Qazlal
  3490 | D:5      | Learned a level 1 spell: Apportation
  3492 | D:5      | Found a sacrificial altar of Ru.
  3746 | Temple   | Entered the Ecumenical Temple
  4019 | D:6      | Reached skill level 8 in Unarmed Combat
  4079 | D:6      | Noticed a hornet
  4086 | D:6      | Killed a hornet
  4087 | D:6      | Reached XP level 9. HP: 61/85 MP: 10/10
  4785 | D:7      | Reached skill level 9 in Unarmed Combat
  4856 | D:7      | Reached skill level 5 in Fighting
  4900 | D:7      | Reached skill level 1 in Spellcasting
  5084 | D:7      | Noticed Harold
  5097 | D:7      | Killed Harold
  5098 | D:7      | Reached skill level 5 in Dodging
  5125 | D:7      | Reached XP level 10. HP: 84/96 MP: 7/12
  5216 | D:7      | Found Wirouz's Assorted Antiques.
  5228 | D:7      | Bought a scroll labelled WEEDGH QYTZORYI for 24 gold pieces
  5324 | D:7      | Noticed a two-headed ogre
  5335 | D:7      | Killed a two-headed ogre
  5363 | D:7      | Reached skill level 5 in Invocations
  5592 | D:8      | Noticed a two-headed ogre
  5599 | D:8      | Killed a two-headed ogre
  5600 | D:8      | Reached skill level 10 in Unarmed Combat
  5699 | D:8      | Reached skill level 1 in Translocations
  5707 | D:8      | Identified the +4 dagger "Cebeajau" {freeze, Drain Int+2
                  | Dex+3}
  6076 | D:8      | Noticed a deep elf zephyrmancer
  6087 | D:8      | Killed a deep elf zephyrmancer
  6297 | D:8      | Found a shimmering blue altar of Sif Muna.
  6562 | D:9      | Reached ***** piety under Qazlal
  6719 | D:9      | Noticed Maggie
  6734 | D:9      | Killed Maggie
  6833 | D:9      | Identified the +0 ring mail of the Bulwark {rN+ Will+ Int+3
                  | Dex+2}
  6903 | D:9      | Reached skill level 11 in Unarmed Combat
  6903 | D:9      | Reached XP level 11. HP: 93/105 MP: 14/14
  7126 | D:10     | Entered Level 10 of the Dungeon
  7337 | D:10     | Noticed a two-headed ogre
  7348 | D:10     | Killed a two-headed ogre
  7352 | D:10     | Found a staircase to the Orcish Mines.
  7755 | D:10     | Found a staircase to the Lair.
  8077 | D:11     | Found a hazy altar of Hepliaklqana.
  8148 | D:11     | Noticed a two-headed ogre
  8156 | D:11     | Reached skill level 12 in Unarmed Combat
  8158 | D:11     | Killed a two-headed ogre
  8204 | D:11     | Noticed a six-headed hydra
  8437 | Lair:1   | Entered Level 1 of the Lair of Beasts
  8584 | Lair:1   | Reached XP level 12. HP: 98/114 MP: 17/17
  8655 | Lair:1   | Noticed a six-headed hydra
  8659 | Lair:1   | Killed a six-headed hydra
  8903 | Lair:1   | Reached skill level 13 in Unarmed Combat
  9596 | Lair:2   | Found a runed translucent door.
  9635 | Lair:2   | Reached skill level 10 in Invocations
 10134 | Lair:2   | Identified the +6 trident of Grontol {freeze, *Rage rPois
                  | rC+++ Int-2}
 10136 | Lair:2   | Noticed GravelGoth's ghost (journeyman OpBr)
 10243 | Lair:3   | Noticed a seven-headed hydra
 10247 | Lair:3   | Killed a ten-headed hydra
 10464 | Lair:3   | Noticed a six-headed hydra
 10470 | Lair:3   | Killed an eight-headed hydra
 10471 | Lair:3   | Reached skill level 14 in Unarmed Combat
 10471 | Lair:3   | Noticed a six-headed hydra
 10527 | Lair:3   | Killed an eight-headed hydra
 10612 | Lair:3   | Found a sparkling altar of Nemelex Xobeh.
 10745 | Lair:3   | Noticed Nergalle
 10753 | Lair:3   | Killed Nergalle
 10962 | Lair:3   | Identified a scroll of acquirement
 10962 | Lair:3   | Acquired the +3 storm dragon scales of Polish {rElec Dex+4}
 11082 | Lair:3   | Found a staircase to the Swamp.
 11391 | Lair:4   | Reached XP level 13. HP: 106/120 MP: 20/20
 11759 | Lair:4   | Found a hole to the Spider Nest.
 13071 | Lair:5   | Noticed Sonja
 13073 | Lair:5   | Killed Sonja
 13649 | Lair:6   | Entered Level 6 of the Lair of Beasts
 13667 | Lair:5   | Reached skill level 5 in Armour
 13705 | Lair:6   | Reached skill level 15 in Unarmed Combat
 13761 | Lair:6   | HP: 5/123 [14-headed hydra (13)]
 14147 | Lair:6   | Acquired 802 gold pieces
 14149 | Lair:6   | Acquired 1047 gold pieces
 14151 | Lair:6   | Acquired the amulet "Feihal" {Spirit Will++ Str+4 Stlth-}
 14287 | Lair:6   | Found a staircase to the Slime Pits.
 14380 | Lair:6   | Reached XP level 14. HP: 133/133 MP: 22/22
 14935 | Lair:6   | Found the ring of the Mage {Wiz Will++ Int+3}
 15422 | D:11     | Noticed Erica
 15428 | D:11     | Killed Erica
 16587 | D:12     | Reached skill level 1 in Evocations
 17055 | Orc:1    | Entered Level 1 of the Orcish Mines
 17085 | Orc:1    | Reached skill level 16 in Unarmed Combat
 17302 | Orc:2    | Entered Level 2 of the Orcish Mines
 17548 | Orc:2    | Found Xustripn's Distillery.
 17548 | Orc:2    | Found Yshriytoh's Weapon Shoppe.
 17613 | Orc:2    | Bought a potion of heal wounds for 80 gold pieces
 17613 | Orc:2    | Bought 2 potions of curing for 96 gold pieces
 17613 | Orc:2    | Bought a potion of haste for 160 gold pieces
 17613 | Orc:2    | Bought a potion of curing for 48 gold pieces
 17613 | Orc:2    | Bought a potion of curing for 48 gold pieces
 17613 | Orc:2    | Bought a potion of attraction for 48 gold pieces
 17659 | Orc:2    | Found Dopsa's Distillery.
 17659 | Orc:2    | Found Cirodgh's Antique Weapon Shoppe.
 17707 | Orc:2    | Reached XP level 15. HP: 64/143 MP: 7/23
 17849 | Orc:2    | Bought a potion of heal wounds for 65 gold pieces
 17969 | Orc:2    | Found a staircase to the Elven Halls.
 18789 | Swamp:1  | Entered Level 1 of the Swamp
 19005 | Swamp:1  | Identified the +1 mace "Befoq" {vorpal, MP+9 Dex+3 SInv}
 19006 | Swamp:1  | HP: 1/143 [eleionoma (11)]
 19007 | Swamp:1  | Slain by a seven-headed hydra

Illustrated notes

Levels and vault maps discovered:
D:1:      minmay_arrival_five_plusses, layout_basic, minmay_misc_feat_tiny
D:2:      layout_basic, minivault_4
D:3:      layout_basic, hellmonk_ecumenical_altar_pennies_from_heaven,
          guppyfry_early_lair_pool
D:4:      layout_basic, serial_shops, shop_statue
D:5:      layout_cave_pools, minmay_temple_entry_slanted, serial_shops, shop,
          kennysheep_mini, shop, portal_sewer_entry_f, minmay_ruined_shrine
D:6:      layout_basic, st_stairs_8, minmay_manual_mail
D:7:      layout_loops_corners, serial_shops, shop, hangedman_decor_points,
          nicolae_benzene_ring, minmay_manual_mullet, uniq_harold
D:8:      layout_rooms, lemuel_crystal_altar, serial_corexii_hall,
          corexii_hall_statues_l, corexii_hall_statues_i,
          hangedman_abyss_or_decor_passed, guppyfry_early_elven_hall
D:9:      layout_roguey, uniq_maggie
D:10:     layout_stronghold, lair_entry_dummy, david_orc_3
D:11:     layout_stronghold, nicolae_hepliaklqana_hazy_memory, uniq_erica
D:12:     layout_layer_cave, minmay_beelzebubs_servants
Temple:   minmay_crystal_snake_temple
Lair:1:   layout_regular_city, serial_bayou_shore_b, serial_bayou_shore_b,
          grunt_megastairs_1, infiniplex_staircase_pool_2
Lair:2:   layout_chaotic_city, ebering_ghost_funeral_grove
Lair:3:   layout_gridlike, palyth_hydra_swamp_entry, basic_altar,
          chequers_serial_rivers_micro_e, grunt_megastairs_4, uniq_nergalle
Lair:4:   layout_loops_ring, spider_nest_entry_web_field
Lair:5:   layout_layer_cave, uniq_sonja
Lair:6:   evilmike_catoblepas_cave, layout_regular_city,
          minmay_slime_entry_jelly_boxes, grunt_megastairs_2
Swamp:1:  layout_falls_marsh, nicolae_swamp_some_circles,
          infiniplex_staircase_pool
Orc:1:    layout_diamond_mine, nicolae_orc_lava_tube
Orc:2:    st_orc_town, layout_diamond_mine

Skill      XL: |  1  2  3  4  5  6  7  8  9 10 11 12 13 14 15 |
---------------+----------------------------------------------+-----
Unarmed Combat | 4 5 6 7 8 9 11 12 14 15 16 | 16.2
Armour         | 1 2 3 4 5 6 |  6.6
Dodging        | 3 4 5 6 7 8 |  8.0
Invocations    | 1 2 3 4 6 9 11 12 13 | 13.3
Fighting       | 3 4 5 6 7 8 |  8.1
Spellcasting   | 2 |  2.5
Translocations | 1 |  1.6
Evocations     | 1 2 |  2.2
Stealth        | |  1.0

Action                   |  1- 3 |  4- 6 |  7- 9 | 10-12 | 13-15 || total
-------------------------+-------+-------+-------+-------+-------++-------
Melee: Unarmed           |    73 |   154 |   262 |   428 |   828 ||  1745
       Punch             |     1 |     7 |     7 |    36 |    75 ||   126
Invok: Upheaval          |       |       |     2 |     9 |    25 ||    36
       Elemental Force   |       |       |       |     3 |       ||     3
       Disaster Area     |       |       |       |     1 |       ||     1
Evoke: Wand              |       |       |       |       |     7 ||     7
  Use: Scroll            |       |     9 |     1 |    10 |     9 ||    29
       Potion            |       |     2 |       |     2 |       ||     4
 Stab: Sleeping          |     4 |     1 |       |       |       ||     5
       Distracted        |       |       |       |     1 |       ||     1
       Petrifying        |       |       |       |       |     2 ||     2
       Petrified         |       |       |       |       |     1 ||     1
Armor: Robe              |    18 |    36 |    61 |    20 |       ||   135
       Swamp dragon scal |       |       |       |   107 |     8 ||   115
       Storm dragon scal |       |       |       |    11 |   348 ||   359
Dodge: Dodged            |    28 |    84 |   115 |   316 |   492 ||  1035
       Repelled          |       |       |     3 |       |     1 ||     4
Block: Other             |       |    16 |    46 |   109 |   151 ||   322
